 Dungeon Crawl Stone Soup version 0.14-a0-1626-g054e7ae (webtiles) character file.

3104 PolkaDot the Cutter (level 9, -1/63 (65) HPs)
             Began as a Vampire Death Knight on Dec 25, 2013.
             Was a Priest of Yredelemnul.
             Killed by divine providence
             ... invoked by an orc priest
              (16 damage)
             ... on Level 8 of the Dungeon.
             The game lasted 00:29:34 (5776 turns).

PolkaDot the Cutter (Vampire Death Knight)          Turns: 5776, Time: 00:29:35

HP  -1/63 (65)   AC 11     Str 12      XL: 9   Next: 45%
MP  10/12        EV 15     Int 13      God: Yredelemnul [***...]
Gold 283         SH  0     Dex 16      Spells:  2 memorised,  3 levels left

rFire  + . .     SeeInvis +     m - +0 dagger (venom)
rCold  . . .     Clarity  .     g - +2 leather armour of Qosalaja {rF+ rN+ Stlth}
rNeg   + . .     Conserve .     (no shield)
rPois  .         rCorr    .     (no helmet)
rElec  .         rRot     .     j - +1 cloak
SustAb . .       Spirit   .     G - +0 pair of gloves
rMut   .         Warding  .     (no boots)
Saprov . . .     Stasis   .     (no amulet)
                                d - +2 ring of protection
                                n - ring of sustenance

@: regenerating very quickly, about to teleport, somewhat resistant to hostile
enchantments, unstealthy
A: bottle blood, fangs 3, hooves 1, see invisible, unbreathing
a: Bottle Blood, Animate Dead, Recall Undead Slaves, Injury Mirror, Renounce
Religion


You were on level 8 of the Dungeon.
You worshipped Yredelemnul.
Yredelemnul was most pleased with you.
You were almost alive.

You visited 1 branch of the dungeon, and saw 8 of its levels.

You collected 283 gold pieces.

Inventory:

Hand weapons
 m - a +0,+0 dagger of venom (weapon)
Armour
 g - the +2 leather armour of Qosalaja (worn) {rF+ rN+ Stlth}
   (You found it on level 5 of the Dungeon)

   It protects you from fire.
   It protects you from negative energy.
   It makes you more stealthy.
 j - a +1 cloak (worn)
 G - a +0 pair of gloves (worn)
Magical devices
 C - a wand of frost (0)
Scrolls
 a - a scroll of curse jewellery {unknown}
 b - a scroll of noise {unknown}
 c - 4 scrolls of remove curse
 e - a scroll of fog
 f - 4 scrolls of teleportation
 h - 3 scrolls of random uselessness {unknown}
 i - 3 scrolls of curse armour {unknown}
 k - 2 scrolls of recharging {unknown}
 l - 2 scrolls of magic mapping
 p - a scroll of enchant weapon II {unknown}
 r - a scroll of enchant weapon I {unknown}
 s - 3 scrolls of immolation {unknown}
 t - 3 scrolls of enchant armour {unknown}
 u - a scroll of amnesia
 v - 3 scrolls of curse weapon {unknown}
 w - 2 scrolls of blinking
 z - 2 scrolls of fear {unknown}
Jewellery
 d - a +2 ring of protection (right hand)
 n - a ring of sustenance (left hand)
Potions
 q - 17 potions of blood {@w2}
 x - a potion of restore abilities
 A - a potion of flight
 B - 2 potions of coagulated blood {@w2}
 D - a potion of magic
Books
 y - a Young Poisoner's Handbook

   Spells                             Type                      Level
   Sting                              Conjuration/Poison           1
   Cure Poison                        Poison                       2
   Mephitic Cloud                     Conjuration/Poison/Air       3
   Olgreb's Toxic Radiance            Poison                       4
   Venom Bolt                         Conjuration/Poison           5
 E - a book of Debilitation

   Spells                             Type                      Level
   Corona                             Hexes                        1
   *Slow                              Hexes                        2
   *Inner Flame                       Hexes/Fire                   3
   Enslavement                        Hexes                        4
   Cause Fear                         Hexes                        4
   Leda's Liquefaction                Hexes/Earth                  4


   Skills:
 - Level 4.0 Fighting
 * Level 7.9 Short Blades
 - Level 6.7 Armour
 + Level 6.6 Dodging
 + Level 3.5 Hexes
 - Level 2.4 Invocations


You had 3 spell levels left.
You knew the following spells:

 Your Spells              Type           Power        Failure   Level  Hunger
d - Inner Flame           Hex/Fire       #.......     52%         3    ####...
s - Slow                  Hex            #.......     12%         2    ###....


Dungeon Overview and Level Annotations

Branches:
Dungeon (8/16)             Temple (0/1) D:6
   Lair: D:8-11

Altars:
Ashenzari
Cheibriados
Elyvilon
Kikubaaqudgha
Makhleb
Nemelex Xobeh
Sif Muna
Trog


Innate Abilities, Weirdness & Mutations

Your natural rate of healing is extremely fast.
You can bottle blood from corpses.
You have razor-sharp teeth.*
You have supernaturally acute eyesight.
You can survive without breathing.*
You have large cloven feet.*


Message History

The orc priest hits you but does no damage.
You hit the orc priest but do no damage.
The orc priest looks even sicker.
Your kick misses the orc priest.
The orc priest is heavily wounded.
Read which item? (? for menu, Esc to quit)
As you read the scroll of teleportation, it crumbles to dust.
You feel strangely unstable.
The orc priest invokes the aid of Beogh against you.
Pain shoots through your body!
* * * LOW HITPOINT WARNING * * *
The orc priest looks braver.
You hit the orc priest but do no damage.
The orc priest looks even sicker.
The orc priest is heavily wounded.
The orc priest prays to Beogh.
You feel a wave of unholy energy pass over you.
The orc priest calls down the wrath of Beogh upon you.
Something smites you!
You die...
Yredelemnul claims you as an undead slave.

......![.#
>.........#
..........#
..........#
..........#
......[..k#
..........#
.........%##########
...........%....@oo#
...).#############.#
##((## #.# #..#
.........# ##..##
(....o..# .....#
..ooo...# .>...#
#8###8### ##...####
## 8#......#


You could see 2 orc priests.

Vanquished Creatures
  A queen bee (D:8)
  A necrophage (D:7)
  3 phantoms
  A sky beast (D:6)
  3 centaurs
  3 orc warriors
  2 ogres
  Satan Claus (D:2)
  A giant frog (D:6)
  10 killer bees
  A jelly (D:7)
  5 crimson imps
  A hound (D:6)
  2 orc priests
  7 orc wizards
  An iguana (D:4)
  5 worker ants
  Jessica (D:3)
  5 adders
  A worm zombie (D:7)
  5 worms
  3 giant eyeballs
  2 oozes
  18 orcs
  A ball python (D:1)
  8 giant cockroaches
  16 hobgoblins
  2 jackals (D:6)
  9 kobolds
  3 quokkas
  10 bats
  6 giant geckos
  2 giant newts
  14 goblins
  A hobgoblin zombie (D:6)
  An orc skeleton (D:8)
  12 rats
  A rat zombie (D:6)
169 creatures vanquished.

Vanquished Creatures (collateral kills)
  An orc (D:6)
1 creature vanquished.

Vanquished Creatures (others)
  A wight (D:6)
  An orc wizard (D:6)
  A mummy (D:7)
3 creatures vanquished.

Grand Total: 173 creatures vanquished

Notes
Turn   | Place    | Note
--------------------------------------------------------------
     0 | D:1      | PolkaDot, the Vampire Death Knight, began the quest for the Orb.
     0 | D:1      | Reached XP level 1. HP: 16/16 MP: 1/1
    64 | D:1      | Found a snail-covered altar of Cheibriados.
   203 | D:1      | Reached XP level 2. HP: 8/22 MP: 2/2
   603 | D:2      | Reached XP level 3. HP: 13/28 MP: 4/4
   621 | D:2      | Noticed Sigmund
   732 | D:2      | Gained mutation: You have large cloven feet. [potion of beneficial mutation]
   749 | D:2      | Killed Sigmund
   749 | D:2      | Reached skill level 3 in Fighting
   749 | D:2      | Reached XP level 4. HP: 34/37 MP: 5/5
   922 | D:2      | Acquired Yredelemnul's second power
  1098 | D:2      | Reached skill level 4 in Fighting
  1098 | D:2      | Reached XP level 5. HP: 32/42 MP: 6/6
  1275 | D:3      | Reached skill level 1 in Armour
  1396 | D:3      | Found a shattered altar of Ashenzari.
  1399 | D:3      | Found a white marble altar of Elyvilon.
  1400 | D:3      | Found a deep blue altar of Sif Muna.
  1400 | D:3      | Found a burning altar of Makhleb.
  1400 | D:3      | Found an ancient bone altar of Kikubaaqudgha.
  1400 | D:3      | Found a sparkling altar of Nemelex Xobeh.
  1439 | D:3      | Noticed Jessica
  1444 | D:3      | Killed Jessica
  2087 | D:4      | Reached XP level 6. HP: 36/48 MP: 8/8
  2433 | D:4      | Acquired Yredelemnul's third power
  2518 | D:4      | Found a bloodstained altar of Trog.
  2609 | D:5      | Entered Level 5 of the Dungeon
  2613 | D:5      | Got a pitted leather armour
  2622 | D:5      | Identified the cursed +2 leather armour of Qosalaja {rF+ rN+ Stlth} (You found it on level 5 of the Dungeon)
  2656 | D:5      | Upgraded the game from 0.14-a0-1613-gd720e3e to 0.14-a0-1626-g054e7ae
  3077 | D:6      | Received a gift from Yredelemnul
  3106 | D:6      | Reached XP level 7. HP: 13/54 MP: 9/9
  3125 | D:6      | HP: 1/54 [sky beast (5)]
  3136 | D:6      | Reached skill level 5 in Short Blades
  3303 | D:6      | HP: 2/54 [poisoned by an orc wizard]
  3308 | D:6      | HP: 2/54 [poisoned by an orc wizard]
  3313 | D:6      | HP: 1/54 [poisoned by an orc wizard]
  3318 | D:6      | HP: 2/54 [poisoned by an orc wizard]
  3327 | D:6      | HP: 2/54 [poisoned by an orc wizard]
  3480 | D:6      | Paralysed by a giant eyeball for 4 turns
  3724 | D:6      | Reached XP level 8. HP: 55/60 MP: 10/10
  3831 | D:6      | Reached skill level 5 in Armour
  4047 | D:6      | Got a pair of crude boots
  4050 | D:6      | Identified the +0 pair of boots of the Trilobite {Str-2 Int-4} (You found it on level 6 of the Dungeon)
  4136 | D:6      | Found a staircase to the Ecumenical Temple.
  4255 | D:6      | Received a gift from Yredelemnul
  4298 | D:6      | Reached skill level 6 in Short Blades
  4372 | D:7      | Reached skill level 5 in Dodging
  4759 | D:7      | Reached XP level 9. HP: 47/63 MP: 12/12
  4884 | D:7      | Acquired Yredelemnul's fourth power
  4884 | D:7      | Received a gift from Yredelemnul
  5254 | D:8      | Learned a level 2 spell: Slow
  5258 | D:8      | Learned a level 3 spell: Inner Flame
  5458 | D:8      | Reached skill level 1 in Hexes
  5482 | D:8      | Found a snail-covered altar of Cheibriados.
  5549 | D:8      | Reached skill level 7 in Short Blades
  5776 | D:8      | Killed from afar by an orc priest

Action                   |  1- 3 |  4- 6 |  7- 9 || total
-------------------------+-------+-------+-------++-------
Melee: Short sword       |    71 |       |       ||    71
       Dagger            |    10 |   256 |   528 ||   794
 Cast: Slow              |       |       |     1 ||     1
Invok: Injury Mirror     |       |       |     1 ||     1
       Recall Undead Sla |       |       |     1 ||     1
 Abil: Bottle Blood      |       |     9 |    34 ||    43
  Use: Potion            |     6 |     5 |    19 ||    30
       Scroll            |       |     7 |     5 ||    12
 Stab: Sleeping          |       |     2 |     2 ||     4
       Distracted        |       |       |     1 ||     1
